Predators vs Red Wings

Created - April 28, 2019 at 19:13

Goals
1 2 3 T
Predators 0 0 0 0
Red Wings 1 0 1 2
Shots
1 2 3 T
Predators 3 5 6 14
Red Wings 8 7 10 25

1st period

1. Red Wings , Tim Connolly 34 (Brent Seabrook 33, Sean Bergenheim 38) at 10:07 (PP)

Penalties :
Michal Rozsival (Nas) for Roughing (Minor) at 6:45, John Moore (Nas) for Hooking (Minor) at 9:20, Sean Bergenheim (Det) for Hooking (Minor) at 13:20

2nd period

No Goal

Penalties :
Tyler Seguin (Det) for Roughing (Minor) at 3:30, Brendan Gallagher (Nas) for Hooking (Minor) at 14:52, Byron Bitz (Nas) for Goalie Interference (Minor) at 19:37

3rd period

2. Red Wings , Ole-Kristian Tollefsen 5 (Tyler Seguin 33, Adam Henrique 49) at 1:16 (PP)

Penalties :
No Penalty

Goalie Stats

Viktor Fasth (Nas), 23 saves from 25 shots - (0.920), L, 41-21-4, 60:00 minutes
James Reimer (Det), 14 saves from 14 shots - (1.000), W, 21-14-7, 60:00 minutes

Players Stats for Predators

Player Name              G  A  P  +/- PIM S  H  SB GA TA FO     MP     PP MP  PK MP  
------------------------------------------------------------------------------------
Adam Burish              0  0  0   0  0   0  2  0  0  0  1/1    12:22   0:12   3:33 
Alexander Edler          0  0  0   0  0   1  1  1  0  0  0/0    26:24   2:08   3:42 
Alexander Ovechkin       0  0  0   0  0   4  1  1  1  0  0/0    19:54   2:02   0:25 
Alexander Steen          0  0  0   0  0   1  0  0  0  0  1/1    13:38   1:44   0:00 
Andy Miele               0  0  0   0  0   0  1  0  0  0  3/7    13:37   0:00   2:17 
Brendan Gallagher        0  0  0   0  2   0  2  1  0  0  0/0    15:00   1:44   0:58 
Byron Bitz               0  0  0   0  2   0  3  0  1  2  0/0    13:57   0:00   1:42 
Dmitri Kalinin           0  0  0   0  0   0  1  0  0  1  0/0    14:04   0:00   1:06 
James Van Riemsdyk       0  0  0   0  0   1  0  1  0  1  0/1    13:21   0:12   0:00 
John Moore               0  0  0   0  2   1  4  0  0  1  0/0    20:19   1:50   2:24 
Justin Abdelkader        0  0  0   0  0   0  1  0  0  0  0/0     6:19   0:00   0:00 
Mark MacMillan           0  0  0   0  0   0  0  0  0  0  0/0     4:29   0:12   0:00 
Michal Rozsival          0  0  0   0  2   0  0  1  0  0  0/0    15:00   0:00   1:54 
Mikael Granlund          0  0  0   0  0   0  0  1  0  0  7/16   19:29   2:02   0:13 
Niclas Bergfors          0  0  0   0  0   3  1  0  2  0  0/3    19:19   2:02   0:00 
Ryan Kesler              0  0  0   0  0   1  2  0  3  0  10/15  22:06   1:44   3:40 
Ryan Mcdonagh            0  0  0   0  0   2  0  1  1  0  0/0    26:24   2:08   3:42 
Ryan Murray              0  0  0   0  0   0  0  2  0  0  0/0    17:50   1:50   0:00 

Players Stats for Red Wings

Player Name              G  A  P  +/- PIM S  H  SB GA TA FO     MP     PP MP  PK MP  
------------------------------------------------------------------------------------
Adam Henrique            0  1  1   0  0   2  1  0  0  2  2/4    21:18   4:00   0:00 
Alex Picard              0  0  0   0  0   2  0  1  0  0  0/1    15:16   0:00   0:54 
Anton Volchenkov         0  0  0   0  0   0  2  1  1  3  0/0    14:31   0:00   2:11 
Brent Seabrook           0  1  1   0  0   2  1  0  0  0  0/0    19:56   2:18   0:00 
Carson Mcmillan          0  0  0   0  0   1  0  1  0  0  0/0    13:18   0:00   2:08 
Chris Kelly              0  0  0   0  0   1  2  0  0  0  0/0     3:47   0:00   0:00 
Jiri Fischer             0  0  0   0  0   0  0  0  0  0  0/0    15:48   0:00   1:47 
Jiri Hudler              0  0  0   0  0   1  1  0  0  0  0/2    14:33   4:00   0:00 
Lubomir Visnovsky        0  0  0   0  0   0  0  0  0  0  0/0     8:37   0:00   2:11 
Michael Haley            0  0  0   0  0   0  1  0  0  0  0/0    11:54   0:00   1:30 
Oleg Saprykin            0  0  0   0  0   0  0  0  0  0  2/2    15:21   0:00   1:38 
Ole-Kristian Tollefsen   1  0  1   0  0   4  0  1  0  1  0/0    20:44   4:06   0:00 
Philip Samuelsson        0  0  0   0  0   0  0  0  0  1  0/0    21:04   4:06   0:00 
Ryan O'Byrne             0  0  0   0  0   1  1  2  0  0  0/0    21:44   2:18   1:47 
Sean Bergenheim          0  1  1   0  2   3  2  0  2  0  1/1    18:18   2:24   0:44 
Tim Connolly             1  0  1   0  0   2  0  0  1  1  8/17   20:15   2:24   0:29 
Tyler Seguin             0  1  1   0  2   4  4  0  1  0  8/15   21:33   4:00   0:33 
Tyler Toffoli            0  0  0   0  0   2  0  0  0  0  1/2    18:03   2:24   0:00 

3 Stars

1 - James Reimer (Det)
2 - Ole-Kristian Tollefsen (Det)
3 - Tim Connolly (Det)

Power Play

Predators - 0 on 2 Attempt(s) - 0.00%
Red Wings - 2 on 4 Attempt(s) - 50.00%

Penalty Kill

Predators - 2 on 4 Attempt(s) - 50.00% - Score 0 goal in Penalty Kill
Red Wings - 2 on 2 Attempt(s) - 100.00% - Score 0 goal in Penalty Kill

Team Stat

Predators - Hits : 19 - Faceoff Wins : 22 - Blocked Shots : 9 - Penalty Minutes : 8
Red Wings - Hits : 15 - Faceoff Wins : 22 - Blocked Shots : 6 - Penalty Minutes : 4

Official

Referees : Unknown
Linesman : Unknown

Game Notes

Chris Kelly is injured at 13:13 of 1st period (Bruised Right Foot)

Finance

Level 1 -- Attendance: 5517 (91.95%) -- Ticket Income $479,979
Level 2 -- Attendance: 4689 (93.78%) -- Ticket Income $262,584
Level 3 -- Attendance: 1642 (82.10%) -- Ticket Income $62,396
Level 4 -- Attendance: 3124 (78.10%) -- Ticket Income $87,472
Luxury Box -- Attendance: 989 (98.90%) -- Ticket Income $163,185
Game was played at the Joe Louis Arena.
Total Attendance: 15961 (88.67%)
Total Ticket Income: $1,055,616
Other Income: $158,342
Total Income: $1,213,958

Predators

5 vs 5 Forward 
   Center                   Left Wing                Right Wing               Time % Phy DF OF 
 1 Mikael Granlund          Alexander Ovechkin       Niclas Bergfors          40     0   1  3  
 2 Ryan Kesler              James Van Riemsdyk       Byron Bitz               30     1   1  3  
 3 Andy Miele               Alexander Steen          Brendan Gallagher        20     2   1  2  
 4 Ryan Kesler              Justin Abdelkader        Adam Burish              10     1   2  2  

5 vs 5 Defense 
   Defense                  Defense                                           Time % Phy DF OF 
 1 Ryan Mcdonagh            Alexander Edler                                   40     1   2  2  
 2 John Moore               Ryan Murray                                       30     1   2  2  
 3 Michal Rozsival          Dmitri Kalinin                                    20     1   3  1  
 4 Ryan Mcdonagh            Alexander Edler                                   10     1   3  1  

PowerPlay Forward 
   Center                   Left Wing                Right Wing               Time % Phy DF OF 
 1 Mikael Granlund          Alexander Ovechkin       Niclas Bergfors          60     1   1  3  
 2 Ryan Kesler              Alexander Steen          Brendan Gallagher        40     1   1  3  

PowerPlay Defense
   Defense                  Defense                                           Time % Phy DF OF 
 1 Ryan Mcdonagh            Alexander Edler                                   51     1   2  2  
 2 John Moore               Ryan Murray                                       49     1   2  2  

Penalty Kill 4 Players Forward 
   Center                   Wing                     Time % Phy DF OF 
 1 Ryan Kesler              Adam Burish              60     1   3  1  
 2 Andy Miele               Byron Bitz               40     1   3  1  

Penalty Kill 4 Players Defense
   Defense                  Defense                  Time % Phy DF OF 
 1 Ryan Mcdonagh            Alexander Edler          60     1   3  1  
 2 John Moore               Michal Rozsival          40     1   3  1  

Penalty Kill - 3 Players Forward 
   Forward                                           Time % Phy DF OF 
 1 Byron Bitz                                        60     1   3  1  
 2 Adam Burish                                       40     1   3  1  

Penalty Kill - 3 Players Defense
   Defense                  Defense                  Time % Phy DF OF 
 1 Ryan Mcdonagh            Alexander Edler          60     1   3  1  
 2 John Moore               Michal Rozsival          40     1   3  1  

4 vs 4 Forward 
   Center                   Wing                     Time % Phy DF OF 
 1 Mikael Granlund          Alexander Ovechkin       60     1   2  2  
 2 Ryan Kesler              Niclas Bergfors          40     1   2  2  

4 vs 4 Defense
   Defense                  Defense                  Time % Phy DF OF 
 1 Ryan Mcdonagh            Alexander Edler          60     1   2  2  
 2 John Moore               Ryan Murray              40     1   2  2  

Last Minutes Offensive
   Center                   Left Wing                Right Wing               Defense                  Defense                  
   Mikael Granlund          Alexander Ovechkin       Niclas Bergfors          Ryan Mcdonagh            Alexander Edler          

Last Minutes Defensive
   Center                   Left Wing                Right Wing               Defense                  Defense                  
   Ryan Kesler              Alexander Ovechkin       Byron Bitz               Ryan Mcdonagh            Alexander Edler          

Goaltenders
Starting : Viktor Fasth             
Backup : Chad Johnson             

Extra Forwards
Normal : Mark MacMillan, Brendan Gallagher, James Van Riemsdyk - PP : Mark MacMillan, Brendan Gallagher - PK : Brendan Gallagher
Extra Defensemen
Normal : Michal Rozsival, Ryan Murray, John Moore - PP : Dmitri Kalinin - PK : John Moore, Dmitri Kalinin
Penalty Shots
Alexander Ovechkin, Niclas Bergfors, Ryan Kesler, Andy Miele, Justin Abdelkader

Scratches
None

Red Wings

5 vs 5 Forward 
   Center                   Left Wing                Right Wing               Time % Phy DF OF 
 1 Tim Connolly             Sean Bergenheim          Tyler Toffoli            38     0   2  3  
 2 Tyler Seguin             Adam Henrique            Jiri Hudler              37     0   2  3  
 3 Chris Kelly              Oleg Saprykin            Alex Picard              17     0   3  2  
 4 Chris Kelly              Michael Haley            Carson Mcmillan          8      1   2  2  

5 vs 5 Defense 
   Defense                  Defense                                           Time % Phy DF OF 
 1 Brent Seabrook           Ryan O'Byrne                                      35     0   3  2  
 2 Ole-Kristian Tollefsen   Philip Samuelsson                                 35     0   3  2  
 3 Anton Volchenkov         Jiri Fischer                                      20     0   3  2  
 4 Lubomir Visnovsky        Jiri Fischer                                      10     0   3  2  

PowerPlay Forward 
   Center                   Left Wing                Right Wing               Time % Phy DF OF 
 1 Tyler Seguin             Adam Henrique            Jiri Hudler              55     0   1  4  
 2 Tim Connolly             Sean Bergenheim          Tyler Toffoli            45     0   1  4  

PowerPlay Defense
   Defense                  Defense                                           Time % Phy DF OF 
 1 Philip Samuelsson        Ole-Kristian Tollefsen                            60     0   2  3  
 2 Ryan O'Byrne             Brent Seabrook                                    40     0   2  3  

Penalty Kill 4 Players Forward 
   Center                   Wing                     Time % Phy DF OF 
 1 Oleg Saprykin            Sean Bergenheim          50     1   2  2  
 2 Chris Kelly              Carson Mcmillan          50     1   2  2  

Penalty Kill 4 Players Defense
   Defense                  Defense                  Time % Phy DF OF 
 1 Lubomir Visnovsky        Anton Volchenkov         50     1   2  2  
 2 Jiri Fischer             Ryan O'Byrne             50     1   2  2  

Penalty Kill - 3 Players Forward 
   Forward                                           Time % Phy DF OF 
 1 Carson Mcmillan                                   60     1   2  2  
 2 Oleg Saprykin                                     40     1   2  2  

Penalty Kill - 3 Players Defense
   Defense                  Defense                  Time % Phy DF OF 
 1 Lubomir Visnovsky        Anton Volchenkov         50     1   2  2  
 2 Jiri Fischer             Ryan O'Byrne             50     1   2  2  

4 vs 4 Forward 
   Center                   Wing                     Time % Phy DF OF 
 1 Tyler Seguin             Adam Henrique            60     1   2  2  
 2 Tim Connolly             Tyler Toffoli            40     1   2  2  

4 vs 4 Defense
   Defense                  Defense                  Time % Phy DF OF 
 1 Ryan O'Byrne             Brent Seabrook           60     1   2  2  
 2 Ole-Kristian Tollefsen   Philip Samuelsson        40     1   2  2  

Last Minutes Offensive
   Center                   Left Wing                Right Wing               Defense                  Defense                  
   Tyler Seguin             Adam Henrique            Tim Connolly             Ole-Kristian Tollefsen   Philip Samuelsson        

Last Minutes Defensive
   Center                   Left Wing                Right Wing               Defense                  Defense                  
   Chris Kelly              Sean Bergenheim          Carson Mcmillan          Ryan O'Byrne             Lubomir Visnovsky        

Goaltenders
Starting : James Reimer             
Backup : Josh Harding             

Extra Forwards
Normal : Adam Henrique, Tyler Seguin, Chris Kelly - PP : Chris Kelly, Alex Picard - PK : Michael Haley
Extra Defensemen
Normal : Brent Seabrook, Philip Samuelsson, Ryan O'Byrne - PP : Ryan O'Byrne - PK : Philip Samuelsson, Ole-Kristian Tollefsen
Penalty Shots
Carson Mcmillan, Tyler Seguin, Tim Connolly, Sean Bergenheim, Alex Picard

Scratches
Ales Hemsky (Healthy), Shawn Horcoff (Healthy)

% Time on Ice - Predators

Lines # - Real PCT - Wanted PCT - Time Play
Normal Forward
1 - 38% - 40% - 18:51
2 - 27% - 30% - 13:11
3 - 23% - 20% - 11:17
4 - 13% - 10% - 6:19
Normal Defense
1 - 37% - 40% - 18:19
2 - 37% - 30% - 18:22
3 - 23% - 20% - 11:39
4 - 3% - 10% - 1:18
PP Forward
1 - 56% - 60% - 2:14
2 - 44% - 40% - 1:44
PP Defense
1 - 54% - 51% - 2:08
2 - 46% - 49% - 1:50
PK Forward
1 - 64% - 60% - 4:07
2 - 36% - 40% - 2:17
PK Defense
1 - 58% - 60% - 3:42
2 - 42% - 40% - 2:42
PK3 Forward
1 - 0% - 60%
2 - 0% - 40%
PK3 Defense
1 - 0% - 60%
2 - 0% - 40%
44 Forward
1 - 0% - 60%
2 - 0% - 40%
44 Defense
1 - 0% - 60%
2 - 0% - 40%
Last Minute Offensive  - 0:00
Last Minute Defensive  - 0:00
Total
Forward - 60:00
Defense - 60:00

% Time on Ice - Red Wings

Lines # - Real PCT - Wanted PCT - Time Play
Normal Forward
1 - 31% - 38% - 15:29
2 - 24% - 37% - 11:49
3 - 25% - 17% - 12:15
4 - 20% - 8% - 10:05
Normal Defense
1 - 37% - 35% - 18:08
2 - 36% - 35% - 17:39
3 - 17% - 20% - 8:32
4 - 11% - 10% - 5:19
PP Forward
1 - 63% - 55% - 4:00
2 - 38% - 45% - 2:24
PP Defense
1 - 64% - 60% - 4:06
2 - 36% - 40% - 2:18
PK Forward
1 - 41% - 50% - 1:38
2 - 59% - 50% - 2:20
PK Defense
1 - 55% - 50% - 2:11
2 - 45% - 50% - 1:47
PK3 Forward
1 - 0% - 60%
2 - 0% - 40%
PK3 Defense
1 - 0% - 50%
2 - 0% - 50%
44 Forward
1 - 0% - 60%
2 - 0% - 40%
44 Defense
1 - 0% - 60%
2 - 0% - 40%
Last Minute Offensive  - 0:00
Last Minute Defensive  - 0:00
Total
Forward - 60:00
Defense - 60:00

Play-by-Play

1st period


0:01 of 1st period - Tim Connolly wins face-off versus Mikael Granlund in neutral zone.
0:31 of 1st period - Slapshot by Tyler Seguin.
0:31 of 1st period - Shot Misses the Net.
1:29 of 1st period - John Moore is hit by Tyler Seguin and loses puck.
1:58 of 1st period - Brendan Gallagher is hit by Chris Kelly and loses puck.
2:15 of 1st period - Off-side.
2:16 of 1st period - Tyler Seguin wins face-off versus Mikael Granlund in neutral zone.
2:19 of 1st period - Snap shot by Adam Henrique.
2:19 of 1st period - Shot Misses the Net.
2:21 of 1st period - Slapshot by Adam Henrique.
2:21 of 1st period - Shot Hit the Post.
2:23 of 1st period - Slapshot by Ole-Kristian Tollefsen.
2:23 of 1st period - Stopped by Viktor Fasth without a rebound.
2:24 of 1st period - Ryan Kesler wins face-off versus Tyler Seguin in Predators zone.
3:06 of 1st period - Snap shot by Byron Bitz.
3:06 of 1st period - Shot Misses the Net.
3:31 of 1st period - Off-side.
3:32 of 1st period - Tim Connolly wins face-off versus Mikael Granlund in neutral zone.
3:41 of 1st period - Snap shot by Sean Bergenheim.
3:41 of 1st period - Shot Blocked by Alexander Ovechkin.
4:12 of 1st period - Snap shot by Alexander Ovechkin.
4:12 of 1st period - Stopped by James Reimer without a rebound.
4:13 of 1st period - Tyler Toffoli wins face-off versus Andy Miele in Red Wings zone.
4:22 of 1st period - Snap shot by Tim Connolly.
4:22 of 1st period - Deflect By Ryan Murray.
4:22 of 1st period - Shot Misses the Net.
4:22 of 1st period - Puck is out of play.
4:23 of 1st period - Alexander Steen wins face-off versus Tim Connolly in Predators zone.
4:28 of 1st period - Snap shot by Sean Bergenheim.
4:28 of 1st period - Stopped by Viktor Fasth without a rebound.
4:29 of 1st period - Mikael Granlund wins face-off versus Tim Connolly in Predators zone.
4:40 of 1st period - Snap shot by Alexander Edler.
4:40 of 1st period - Stopped by James Reimer without a rebound.
4:41 of 1st period - Tim Connolly wins face-off versus Ryan Kesler in Red Wings zone.
4:48 of 1st period - Wrist shot by Tyler Toffoli.
4:48 of 1st period - Shot Blocked by Alexander Edler.
4:50 of 1st period - Backhand shot by Ryan O'Byrne.
4:50 of 1st period - Shot Misses the Net.
4:52 of 1st period - Slapshot by Ryan O'Byrne.
4:52 of 1st period - Shot Misses the Net.
5:06 of 1st period - Ryan Kesler is hit by Tyler Seguin and loses puck.
5:34 of 1st period - Ryan Mcdonagh is hit by Chris Kelly and loses puck.
5:39 of 1st period - Snap shot by Chris Kelly.
5:39 of 1st period - Stopped by Viktor Fasth without a rebound.
5:40 of 1st period - Andy Miele wins face-off versus Tyler Toffoli in Predators zone.
6:45 of 1st period - Minor Penalty to Michal Rozsival for Roughing.
6:46 of 1st period - Ryan Kesler wins face-off versus Tyler Seguin in Predators zone.
7:20 of 1st period - Wrist shot by Tim Connolly.
7:20 of 1st period - Shot Misses the Net.
7:22 of 1st period - Slapshot by Ole-Kristian Tollefsen.
7:22 of 1st period - Stopped by Viktor Fasth with a rebound.
8:32 of 1st period - Tyler Seguin is hit by Byron Bitz and loses puck.
8:45 of 1st period - Penalty to Michal Rozsival is over, Michal Rozsival is back on ice.
9:20 of 1st period - Minor Penalty to John Moore for Hooking.
9:21 of 1st period - Ryan Kesler wins face-off versus Tyler Seguin in Predators zone.
9:49 of 1st period - Off-side.
9:50 of 1st period - Andy Miele wins face-off versus Tim Connolly in neutral zone.
10:07 of 1st period - Backhand shot by Tim Connolly.
10:07 of 1st period - Goal by Tim Connolly - Predators : 0 - Red Wings : 1.
10:08 of 1st period - Mikael Granlund wins face-off versus Tyler Seguin in neutral zone.
10:11 of 1st period - Snap shot by Alexander Ovechkin.
10:11 of 1st period - Deflect By Mikael Granlund.
10:11 of 1st period - Shot Misses the Net.
10:11 of 1st period - Puck is out of play.
10:12 of 1st period - Tyler Seguin wins face-off versus Mikael Granlund in Red Wings zone.
10:16 of 1st period - Off-side.
10:17 of 1st period - Tyler Seguin wins face-off versus Mikael Granlund in neutral zone.
10:20 of 1st period - Ryan Mcdonagh is hit by Adam Henrique.
10:34 of 1st period - Niclas Bergfors is hit by Tyler Seguin and loses puck.
11:07 of 1st period - Snap shot by Adam Henrique.
11:07 of 1st period - Shot Misses the Net.
11:09 of 1st period - Slapshot by Brent Seabrook.
11:09 of 1st period - Deflect By Adam Henrique.
11:09 of 1st period - Stopped by Viktor Fasth with a rebound.
11:11 of 1st period - Slapshot by Ryan O'Byrne.
11:11 of 1st period - Stopped by Viktor Fasth without a rebound.
11:12 of 1st period - Ryan Kesler wins face-off versus Tim Connolly in Predators zone.
12:19 of 1st period - Ryan Mcdonagh is hit by Sean Bergenheim and loses puck.
13:12 of 1st period - Chris Kelly is hit by Dmitri Kalinin and loses puck.
13:13 of 1st period - Chris Kelly from Red Wings is injured at 13:13 of 1st period (Bruised Right Foot).
13:14 of 1st period - Ryan Kesler wins face-off versus Tim Connolly in Red Wings zone.
13:15 of 1st period - Slapshot by Byron Bitz.
13:15 of 1st period - Shot Blocked by Ryan O'Byrne.
13:17 of 1st period - Slapshot by John Moore.
13:17 of 1st period - Stopped by James Reimer without a rebound.
13:18 of 1st period - Tim Connolly wins face-off versus James Van Riemsdyk in Red Wings zone.
13:20 of 1st period - Minor Penalty to Sean Bergenheim for Hooking.
13:21 of 1st period - Oleg Saprykin wins face-off versus Mikael Granlund in Red Wings zone.
13:58 of 1st period - Snap shot by Ryan Kesler.
13:58 of 1st period - Shot Blocked by Anton Volchenkov.
14:00 of 1st period - Snap shot by Brendan Gallagher.
14:00 of 1st period - Shot Misses the Net.
14:14 of 1st period - John Moore is hit by Ryan O'Byrne.
15:20 of 1st period - Penalty to Sean Bergenheim is over, Sean Bergenheim is back on ice.
15:35 of 1st period - Ole-Kristian Tollefsen is hit by John Moore.
16:10 of 1st period - Icing by Andy Miele.
16:11 of 1st period - Adam Henrique wins face-off versus Andy Miele in Predators zone.
16:55 of 1st period - Wrist shot by Michael Haley.
16:55 of 1st period - Shot Misses the Net.
17:13 of 1st period - Wrist shot by Alex Picard.
17:13 of 1st period - Stopped by Viktor Fasth with a rebound.
17:37 of 1st period - Slapshot by Alexander Edler.
17:37 of 1st period - Shot Misses the Net.
19:45 of 1st period - Oleg Saprykin is hit by Justin Abdelkader and loses puck.
Goals for this period are 0 for Predators vs 1 for Red Wings.
Shots for this period are 3 for Predators vs 8 for Red Wings.

2nd period


0:01 of 2nd period - Mikael Granlund wins face-off versus Jiri Hudler in neutral zone.
0:39 of 2nd period - Slapshot by Ryan O'Byrne.
0:39 of 2nd period - Shot Blocked by Ryan Murray.
0:53 of 2nd period - Wrist shot by Oleg Saprykin.
0:53 of 2nd period - Shot Misses the Net.
1:07 of 2nd period - Michal Rozsival is hit by Tyler Seguin and loses puck.
1:16 of 2nd period - Snap shot by Tyler Seguin.
1:16 of 2nd period - Stopped by Viktor Fasth without a rebound.
1:17 of 2nd period - Sean Bergenheim wins face-off versus Niclas Bergfors in Predators zone.
1:18 of 2nd period - Wrist shot by Tyler Toffoli.
1:18 of 2nd period - Stopped by Viktor Fasth with a rebound.
2:10 of 2nd period - Off-side.
2:11 of 2nd period - Tyler Seguin wins face-off versus Andy Miele in neutral zone.
2:26 of 2nd period - Snap shot by Brendan Gallagher.
2:26 of 2nd period - Shot Misses the Net.
2:38 of 2nd period - Mikael Granlund is hit by Michael Haley and loses puck.
2:43 of 2nd period - Wrist shot by Adam Henrique.
2:43 of 2nd period - Shot Blocked by Ryan Murray.
2:45 of 2nd period - Snap shot by Adam Henrique.
2:45 of 2nd period - Shot Misses the Net.
3:30 of 2nd period - Minor Penalty to Tyler Seguin for Roughing.
3:31 of 2nd period - Oleg Saprykin wins face-off versus Niclas Bergfors in Red Wings zone.
5:11 of 2nd period - Wrist shot by Alex Picard.
5:11 of 2nd period - Stopped by Viktor Fasth with a rebound.
5:30 of 2nd period - Penalty to Tyler Seguin is over, Tyler Seguin is back on ice.
5:42 of 2nd period - Snap shot by Adam Henrique.
5:42 of 2nd period - Deflect By Tyler Seguin.
5:42 of 2nd period - Stopped by Viktor Fasth with a rebound.
5:44 of 2nd period - Wrist shot by Tyler Seguin.
5:44 of 2nd period - Shot Misses the Net.
5:46 of 2nd period - Snap shot by Jiri Hudler.
5:46 of 2nd period - Shot Misses the Net.
6:14 of 2nd period - Alexander Edler is hit by Sean Bergenheim and loses puck.
7:45 of 2nd period - Ryan O'Byrne is hit by Niclas Bergfors and loses puck.
8:14 of 2nd period - Carson Mcmillan is hit by John Moore and loses puck.
9:08 of 2nd period - Icing by Dmitri Kalinin.
9:09 of 2nd period - Ryan Kesler wins face-off versus Tyler Seguin in Predators zone.
11:11 of 2nd period - Slapshot by Brendan Gallagher.
11:11 of 2nd period - Shot Misses the Net.
12:34 of 2nd period - Icing by Ryan Murray.
12:35 of 2nd period - Mikael Granlund wins face-off versus Alex Picard in Predators zone.
12:35 of 2nd period - Mikael Granlund is hit by Brent Seabrook.
12:45 of 2nd period - Slapshot by Alexander Steen.
12:45 of 2nd period - Shot Blocked by Alex Picard.
13:39 of 2nd period - Wrist shot by Justin Abdelkader.
13:39 of 2nd period - Shot Misses the Net.
14:24 of 2nd period - Snap shot by James Van Riemsdyk.
14:24 of 2nd period - Shot Misses the Net.
14:26 of 2nd period - Backhand shot by Niclas Bergfors.
14:26 of 2nd period - Stopped by James Reimer with a rebound.
14:32 of 2nd period - Wrist shot by Niclas Bergfors.
14:32 of 2nd period - Stopped by James Reimer with a rebound.
14:42 of 2nd period - Slapshot by Andy Miele.
14:42 of 2nd period - Deflect By Brendan Gallagher.
14:42 of 2nd period - Shot Misses the Net.
14:42 of 2nd period - Puck is out of play.
14:43 of 2nd period - Adam Henrique wins face-off versus Andy Miele in Red Wings zone.
14:43 of 2nd period - Adam Henrique is hit by Andy Miele.
14:52 of 2nd period - Minor Penalty to Brendan Gallagher for Hooking.
14:53 of 2nd period - Adam Burish wins face-off versus Tyler Seguin in Predators zone.
15:05 of 2nd period - Michal Rozsival is hit by Jiri Hudler and loses puck.
15:31 of 2nd period - Off-side.
15:32 of 2nd period - Andy Miele wins face-off versus Tim Connolly in neutral zone.
15:39 of 2nd period - Slapshot by Ryan Mcdonagh.
15:39 of 2nd period - Stopped by James Reimer with a rebound.
16:01 of 2nd period - Slapshot by Ole-Kristian Tollefsen.
16:01 of 2nd period - Stopped by Viktor Fasth with a rebound.
16:23 of 2nd period - Slapshot by Mikael Granlund.
16:23 of 2nd period - Shot Misses the Net.
16:27 of 2nd period - Slapshot by Alexander Ovechkin.
16:27 of 2nd period - Stopped by James Reimer without a rebound.
16:28 of 2nd period - Ryan Kesler wins face-off versus Tyler Seguin in Red Wings zone.
16:52 of 2nd period - Penalty to Brendan Gallagher is over, Brendan Gallagher is back on ice.
17:02 of 2nd period - Brent Seabrook is hit by Alexander Edler and loses puck.
17:13 of 2nd period - Wrist shot by Niclas Bergfors.
17:13 of 2nd period - Stopped by James Reimer without a rebound.
17:14 of 2nd period - Tim Connolly wins face-off versus Mikael Granlund in Red Wings zone.
17:14 of 2nd period - Tim Connolly is hit by John Moore.
17:20 of 2nd period - Wrist shot by Tyler Toffoli.
17:20 of 2nd period - Stopped by Viktor Fasth with a rebound.
17:22 of 2nd period - Slapshot by Anton Volchenkov.
17:22 of 2nd period - Shot Blocked by Mikael Granlund.
17:38 of 2nd period - Jiri Hudler is hit by Brendan Gallagher and loses puck.
17:47 of 2nd period - Wrist shot by Alexander Steen.
17:47 of 2nd period - Shot Misses the Net.
19:37 of 2nd period - Minor Penalty to Byron Bitz for Goalie Interference.
19:38 of 2nd period - Tyler Seguin wins face-off versus Ryan Kesler in Predators zone.
19:41 of 2nd period - Snap shot by Jiri Hudler.
19:41 of 2nd period - Stopped by Viktor Fasth without a rebound.
19:42 of 2nd period - Tyler Seguin wins face-off versus Ryan Kesler in Predators zone.
Goals for this period are 0 for Predators vs 0 for Red Wings.
Shots for this period are 5 for Predators vs 7 for Red Wings.

3rd period


0:01 of 3rd period - Ryan Kesler wins face-off versus Jiri Hudler in neutral zone.
0:04 of 3rd period - Slapshot by Ryan Mcdonagh.
0:04 of 3rd period - Deflect By Jiri Hudler.
0:04 of 3rd period - Stopped by James Reimer with a rebound.
0:16 of 3rd period - Wrist shot by Ryan Kesler.
0:16 of 3rd period - Shot Blocked by Ole-Kristian Tollefsen.
1:08 of 3rd period - Slapshot by Tyler Seguin.
1:08 of 3rd period - Stopped by Viktor Fasth with a rebound.
1:10 of 3rd period - Slapshot by Adam Henrique.
1:10 of 3rd period - Shot Blocked by Brendan Gallagher.
1:12 of 3rd period - Wrist shot by Ole-Kristian Tollefsen.
1:12 of 3rd period - Shot Blocked by Michal Rozsival.
1:14 of 3rd period - Snap shot by Tyler Seguin.
1:14 of 3rd period - Shot Misses the Net.
1:16 of 3rd period - Slapshot by Ole-Kristian Tollefsen.
1:16 of 3rd period - Goal by Ole-Kristian Tollefsen - Predators : 0 - Red Wings : 2.
1:17 of 3rd period - Ryan Kesler wins face-off versus Tim Connolly in neutral zone.
1:28 of 3rd period - Wrist shot by Tim Connolly.
1:28 of 3rd period - Stopped by Viktor Fasth with a rebound.
1:30 of 3rd period - Slapshot by Tyler Toffoli.
1:30 of 3rd period - Shot Misses the Net.
1:32 of 3rd period - Slapshot by Sean Bergenheim.
1:32 of 3rd period - Stopped by Viktor Fasth without a rebound.
1:33 of 3rd period - Mikael Granlund wins face-off versus Tim Connolly in Predators zone.
1:42 of 3rd period - Sean Bergenheim is hit by Alexander Ovechkin and loses puck.
2:01 of 3rd period - Slapshot by Ryan O'Byrne.
2:01 of 3rd period - Shot Blocked by Ryan Mcdonagh.
2:23 of 3rd period - Slapshot by Brent Seabrook.
2:23 of 3rd period - Stopped by Viktor Fasth without a rebound.
2:24 of 3rd period - Tyler Seguin wins face-off versus Mikael Granlund in Predators zone.
2:41 of 3rd period - Wrist shot by Alexander Ovechkin.
2:41 of 3rd period - Stopped by James Reimer without a rebound.
2:42 of 3rd period - Tim Connolly wins face-off versus Ryan Kesler in Red Wings zone.
2:57 of 3rd period - Wrist shot by Tim Connolly.
2:57 of 3rd period - Shot Blocked by James Van Riemsdyk.
3:18 of 3rd period - Wrist shot by Alexander Ovechkin.
3:18 of 3rd period - Shot Misses the Net.
3:45 of 3rd period - Slapshot by Michal Rozsival.
3:45 of 3rd period - Shot Misses the Net.
3:47 of 3rd period - Snap shot by Dmitri Kalinin.
3:47 of 3rd period - Shot Blocked by Carson Mcmillan.
4:03 of 3rd period - Snap shot by Alexander Ovechkin.
4:03 of 3rd period - Shot Misses the Net.
4:05 of 3rd period - Snap shot by Mikael Granlund.
4:05 of 3rd period - Shot Misses the Net.
4:12 of 3rd period - Icing by Sean Bergenheim.
4:13 of 3rd period - Tyler Seguin wins face-off versus Ryan Kesler in Red Wings zone.
4:13 of 3rd period - Tyler Seguin is hit by Byron Bitz.
4:23 of 3rd period - Snap shot by James Van Riemsdyk.
4:23 of 3rd period - Stopped by James Reimer with a rebound.
4:25 of 3rd period - Snap shot by Ryan Kesler.
4:25 of 3rd period - Deflect By Jiri Fischer.
4:25 of 3rd period - Shot Misses the Net.
4:25 of 3rd period - Puck is out of play.
4:26 of 3rd period - Mikael Granlund wins face-off versus Tim Connolly in Red Wings zone.
4:51 of 3rd period - Tyler Seguin is hit by Ryan Kesler and loses puck.
5:00 of 3rd period - Slapshot by Philip Samuelsson.
5:00 of 3rd period - Shot Misses the Net.
5:12 of 3rd period - Ryan O'Byrne is hit by Brendan Gallagher and loses puck.
5:50 of 3rd period - Backhand shot by Carson Mcmillan.
5:50 of 3rd period - Shot Misses the Net.
5:52 of 3rd period - Backhand shot by Carson Mcmillan.
5:52 of 3rd period - Stopped by Viktor Fasth with a rebound.
5:54 of 3rd period - Wrist shot by Brent Seabrook.
5:54 of 3rd period - Stopped by Viktor Fasth without a rebound.
5:55 of 3rd period - Mikael Granlund wins face-off versus Adam Henrique in Predators zone.
6:05 of 3rd period - Icing by Alexander Ovechkin.
6:06 of 3rd period - Tim Connolly wins face-off versus Niclas Bergfors in Predators zone.
6:47 of 3rd period - Snap shot by Sean Bergenheim.
6:47 of 3rd period - Stopped by Viktor Fasth without a rebound.
6:48 of 3rd period - Ryan Kesler wins face-off versus Adam Henrique in Predators zone.
7:27 of 3rd period - Wrist shot by Tyler Seguin.
7:27 of 3rd period - Stopped by Viktor Fasth with a rebound.
7:36 of 3rd period - Snap shot by Ryan Kesler.
7:36 of 3rd period - Stopped by James Reimer with a rebound.
8:18 of 3rd period - Snap shot by Alexander Steen.
8:18 of 3rd period - Stopped by James Reimer without a rebound.
8:19 of 3rd period - Tim Connolly wins face-off versus Mikael Granlund in Red Wings zone.
8:53 of 3rd period - Snap shot by Adam Henrique.
8:53 of 3rd period - Shot Misses the Net.
8:55 of 3rd period - Slapshot by Adam Henrique.
8:55 of 3rd period - Stopped by Viktor Fasth with a rebound.
9:09 of 3rd period - Tyler Seguin is hit by Ryan Kesler and loses puck.
11:29 of 3rd period - Snap shot by Alexander Ovechkin.
11:29 of 3rd period - Stopped by James Reimer with a rebound.
11:55 of 3rd period - Michael Haley is hit by Adam Burish and loses puck.
14:02 of 3rd period - Adam Henrique is hit by Adam Burish and loses puck.
14:24 of 3rd period - Sean Bergenheim is hit by John Moore and loses puck.
14:29 of 3rd period - Snap shot by Alexander Edler.
14:29 of 3rd period - Shot Misses the Net.
14:39 of 3rd period - Byron Bitz is hit by Anton Volchenkov and loses puck.
15:04 of 3rd period - Anton Volchenkov is hit by Byron Bitz and loses puck.
15:09 of 3rd period - Wrist shot by James Van Riemsdyk.
15:09 of 3rd period - Shot Misses the Net.
17:35 of 3rd period - Wrist shot by Alexander Steen.
17:35 of 3rd period - Shot Blocked by Ryan O'Byrne.
19:44 of 3rd period - Adam Burish is hit by Anton Volchenkov.
Goals for this period are 0 for Predators vs 1 for Red Wings.
Shots for this period are 6 for Predators vs 10 for Red Wings.